 Dungeon Crawl Stone Soup version 0.21.1-1-g345015fe64 (webtiles) character file.

51004 Barra97 the Impregnable (level 14, -3/103 HPs)
             Began as a Minotaur Fighter on Apr 4, 2018.
             Was the Champion of Okawaru.
             Splashed with acid (6 damage)
             ... on level 6 of the Lair of Beasts.
             The game lasted 00:57:52 (18238 turns).

Barra97 the Impregnable (Minotaur Fighter)         Turns: 18238, Time: 00:57:53

Health: -3/103     AC: 25    Str: 27    XL:     14   Next: 21%
Magic:  0/11       EV:  8    Int:  5    God:    Okawaru [******]
Gold:   1186       SH: 12    Dex: 11    Spells: 13/13 levels left

rFire    + + .     SeeInvis +   t - +2 morningstar (protect)
rCold    x . .     Gourm    .   c - +2 shield
rNeg     . . .     Faith    .   B - +3 fire dragon scales
rPois    .         Spirit   +   b - +2 hat {MR+}
rElec    .         Reflect  .   v - scarf {cloud immunity}
rCorr    .         Harm     .   K - +2 pair of gloves
MR       ++...                  Q - +0 pair of boots {Stlth+}
Stlth    +.........             r - amulet of guardian spirit
HPRegen  0.27/turn              M - ring of see invisible
MPRegen  0.12/turn              L - +3 ring of slaying

@: lethally poisoned (-3 -> -5), about to teleport, corroded
A: retaliatory headbutt, horns 2, molten scales 1, low mp 1, strong 1, wild
magic 1
a: Heroism, Finesse, Renounce Religion


You were on level 6 of the Lair of Beasts.
You worshipped Okawaru.
Okawaru was exalted by your worship.
You were not hungry.

You visited 3 branches of the dungeon, and saw 17 of its levels.

You collected 1186 gold pieces.

Inventory:

Hand Weapons
 t - a +2 morningstar of protection (weapon)
 F - a +2 flail of venom
Missiles
 o - 18 tomahawks (quivered)
 u - 5 steel tomahawks
Armour
 b - a +2 hat of magic resistance (worn)
 c - a +2 shield (worn)
 v - a scarf of cloud immunity (worn)
 B - +3 fire dragon scales (worn)
 K - a +2 pair of gloves (worn)
 N - a +0 hat of see invisible
 Q - a +0 pair of boots of stealth (worn)
 S - the cursed +0 leather armour of the Sacrificial Victim {rF+ Int+2 Dex+4}
   (You found it on level 3 of the Lair of Beasts)

   It affects your intelligence (+2).
   It affects your dexterity (+4).
   It protects you from fire.
   It has a curse placed upon it.
Jewellery
 r - an amulet of guardian spirit (around neck)
 s - an uncursed ring of protection from cold
 x - an uncursed amulet of harm
 y - an uncursed ring of stealth
 G - a cursed ring of wizardry {unknown}
 J - an uncursed ring of flight
 L - a +3 ring of slaying (right hand)
 M - a ring of see invisible (left hand)
 T - a +4 ring of slaying
Wands
 w - a wand of iceblast (25)
 z - a wand of flame (73)
 D - a wand of polymorph (16)
 I - a wand of random effects (30)
Scrolls
 i - a scroll of blinking
 j - 10 scrolls of teleportation
 n - 6 scrolls of remove curse
 q - 4 scrolls of magic mapping
 E - 2 scrolls of amnesia
 O - a scroll of fear
 R - a scroll of enchant weapon
Potions
 a - 2 potions of invisibility {unknown}
 d - 4 potions of might
 e - 3 potions of flight
 g - a potion of mutation
 h - 4 potions of agility
 l - 3 potions of magic
 C - 2 potions of haste
 H - a potion of brilliance
Books
 A - a book of Power

   Spells                             Type                      Level
   a - Iskenderun's Battlesphere      Conjuration/Charms           5
   b - Venom Bolt                     Conjuration/Poison           5
   c - Bolt of Magma                  Conjuration/Fire/Earth       5
   d - Iron Shot                      Conjuration/Earth            6
   e - Orb of Destruction             Conjuration                  7
   f - Spellforged Servitor           Conjuration/Summoning        7
Miscellaneous
 m - a phantom mirror
Comestibles
 f - 37 rations
 k - a chunk of flesh


   Skills:
 - Level 3.9 Fighting
 - Level 16.3 Maces & Flails
 * Level 22.0 Armour
 - Level 4.1 Shields


You had 13 spell levels left.
You didn't know any spells.

Dungeon Overview and Level Annotations

Branches:
Dungeon (10/15)            Temple (1/1) D:4            Lair (6/6) D:9
  Swamp (0/4) Lair:3        Snake (0/4) Lair:2        Slime (0/5) Lair:6
    Orc: D:9-12

Altars:
Ashenzari
Cheibriados
Dithmenos
Elyvilon
Fedhas
Gozag
Hepliaklqana
Kikubaaqudgha
Makhleb
Nemelex Xobeh
Okawaru
Qazlal
Ru
Sif Muna
Trog
Uskayaw
Vehumet
Wu Jian
Xom
Yredelemnul
Zin
The Shining One

Shops:
D:6 (

Annotations:
Lair:1 exclusion: oklob plant
Lair:6 exclusion: 2 oklob plants, Nessos


Innate Abilities, Weirdness & Mutations

You reflexively headbutt those who attack you in melee.
You have a pair of horns on your head.
You are partially covered in molten scales. (AC +2)
Your magical capacity is low. (-10% MP)
Your muscles are strong. (Str +2)
Your spells are a little harder to cast, but a little more powerful.


Message History

An oklob plant comes into view.
The oklob plant spits acid at you. The splash of acid hits you!
You are splashed with acid!
The acid burns!
Marking area around the oklob plant as unsafe for travelling.
An oklob plant comes into view.
The oklob plant spits acid at you. The splash of acid hits you!
The acid corrodes you!
You are splashed with acid!
The acid burns!
* * * LOW HITPOINT WARNING * * *
Found a staircase to the Slime Pits.
Unknown command.
Unknown command.
As you read the scroll of teleportation, it crumbles to dust.
You feel strangely unstable.
You are splashed with acid!
The wall burns you!
* * * LOW HITPOINT WARNING * * *
The oklob plant spits acid at you. The splash of acid hits you!
You are splashed with acid!
The acid burns!
* * * LOW HITPOINT WARNING * * *
You are splashed with acid!
The wall burns you!
You die...

#...# ##... #....
###...# #.....##
##.....# ##...P.#
#..#...# #..>.@#
#.#....# #....P#
###....... ###.###
#P#...... ###
#......#######.#####
......#.#...##.....#
.......###.P.......#
.....#.#...........#
......#............#


You could see 2 oklob plants.

Vanquished Creatures
  Rupert (Lair:6)
  Gastronok (Lair:2)
  The ghost of Norrik the Basher, a journeyman MiMo of Okawaru (D:10)
  5 hydras
  A catoblepas (Lair:6)
  A two-headed ogre (D:9)
  An orc knight (D:10)
  15 elephants
  5 black mambas
  Psyche (D:8)
  9 spiny frogs
  A torpor snail (Lair:5)
  4 komodo dragons
  A troll (D:10)
  2 hornets (Lair:6)
  Grinder (D:3)
  22 dream sheep
  5 polar bears
  10 hippogriffs
  8 blink frogs
  A centaur simulacrum (D:10)
  3 wyverns
  12 spriggans (Lair:6)
  51 yaks
  A wraith (D:10)
  The ghost of Name63 the Magician, an amateur GnWn (D:3)
  3 basilisks
  2 nagas (Lair:2)
  12 water moccasins
  6 porcupines
  A swamp drake (Lair:3)
  4 phantoms
  4 ice beasts (D:10)
  5 orc warriors
  2 black bears (Lair:6)
  4 ogres
  A necrophage (D:9)
  5 boggarts (Lair:6)
  33 wolves
  3 centaurs
  14 crocodiles
  5 big kobolds
  14 bullfrogs
  A wyvern skeleton (D:10)
  A scorpion (D:3)
  5 killer bees (D:7)
  A howler monkey (D:5)
  An electric eel (D:10)
  4 hounds
  8 orc wizards
  7 orc priests
  4 iguanas
  3 worker ants (D:8)
  2 killer bee zombies (D:7)
  A hound zombie (D:9)
  A howler monkey zombie (D:7)
  3 gnolls
  A worker ant zombie (D:7)
  9 adders
  3 shadow imps
  2 white imps (D:10)
  3 ufetubi (D:10)
  3 oozes
  4 worms (D:2)
  4 dart slugs
  8 leopard geckos
  42 orcs
  A ball python (D:1)
  3 giant cockroaches
  2 gnoll zombies (D:3)
  5 goblins
  13 hobgoblins
  9 jackals
  6 quokkas
  9 bats
  5 frilled lizards
  19 kobolds
  2 quokka skeletons
  6 rats
483 creatures vanquished.

Vanquished Creatures (others)
  An orc warrior (D:7)
  An ogre (D:5)
  A worker ant (D:7)
  A gnoll (D:7)
  A shadow imp (D:7)
  6 fungi
  3 plants
14 creatures vanquished.

Grand Total: 497 creatures vanquished

Notes
Turn   | Place    | Note
-------+----------+-------------------------------------------
     0 | D:1      | Barra97 the Minotaur Fighter began the quest for the Orb.
     0 | D:1      | Reached XP level 1. HP: 19/19 MP: 0/0
   103 | D:1      | Reached skill level 4 in Armour
   103 | D:1      | Reached XP level 2. HP: 25/27 MP: 1/1
   241 | D:1      | Reached XP level 3. HP: 32/33 MP: 2/2
   285 | D:1      | Found a shattered altar of Ashenzari.
   882 | D:2      | Reached XP level 4. HP: 21/40 MP: 3/3
  1134 | D:2      | Found a stormy altar of Qazlal.
  1519 | D:2      | Reached skill level 5 in Maces & Flails
  2059 | D:3      | Noticed Name63's ghost (amateur GnWn)
  2066 | D:3      | Killed Name63's ghost
  2066 | D:3      | Reached XP level 5. HP: 34/46 MP: 4/4
  2195 | D:3      | Reached XP level 6. HP: 52/52 MP: 5/5
  2241 | D:3      | Noticed Grinder
  2253 | D:3      | Paralysed by Grinder for 4 turns
  2272 | D:3      | Paralysed by Grinder for 4 turns
  2307 | D:3      | Killed Grinder
  2307 | D:3      | Reached XP level 7. HP: 12/58 MP: 6/6
  2522 | D:3      | Found a basalt altar of Yredelemnul.
  2815 | D:4      | Found a staircase to the Ecumenical Temple.
  2823 | Temple   | Entered the Ecumenical Temple
  3430 | D:4      | Found a shimmering altar of Xom.
  3437 | D:4      | Found a bloodstained altar of Trog.
  3708 | D:5      | Entered Level 5 of the Dungeon
  3851 | D:5      | Reached skill level 10 in Maces & Flails
  4265 | D:5      | Found a glowing golden altar of the Shining One.
  4756 | D:6      | Found Roetzug's Antique Weapon Shoppe.
  4783 | D:6      | Found a basalt altar of Yredelemnul.
  4796 | D:6      | Reached XP level 8. HP: 65/66 MP: 7/7
  6324 | D:8      | Gained mutation: You are partially covered in molten scales. (AC +2) [potion of mutation]
  6324 | D:8      | Gained mutation: Your mind is acute. (Int +2) [potion of mutation]
  6536 | D:7      | Reached XP level 9. HP: 65/71 MP: 8/8
  6929 | D:7      | Found a sparkling altar of Nemelex Xobeh.
  7061 | D:8      | Noticed Psyche
  7076 | D:8      | Reached skill level 5 in Armour
  7094 | D:8      | Killed Psyche
  7094 | D:8      | Reached skill level 7 in Armour
  7458 | D:8      | Found a shadowy altar of Dithmenos.
  7533 | D:8      | Found a sacrificial altar of Ru.
  7828 | D:9      | Noticed a two-headed ogre
  7840 | D:9      | Killed a two-headed ogre
  7840 | D:9      | Reached skill level 15 in Maces & Flails
  7840 | D:9      | Reached XP level 10. HP: 78/78 MP: 9/9
  7841 | D:9      | Found a staircase to the Lair.
  7884 | D:9      | Found an iron altar of Okawaru.
  7978 | D:9      | Noticed a two-headed hydra
  7987 | D:9      | Killed a two-headed hydra
  8738 | D:9      | Became a worshipper of Warmaster Okawaru
  8804 | D:10     | Entered Level 10 of the Dungeon
  8818 | D:10     | Reached skill level 8 in Armour
  9266 | D:10     | Reached skill level 9 in Armour
  9283 | D:10     | Reached * piety under Okawaru
  9300 | D:10     | Reached skill level 10 in Armour
  9555 | D:10     | Reached ** piety under Okawaru
  9556 | D:10     | Reached XP level 11. HP: 57/83 MP: 6/10
  9623 | D:10     | Noticed Norrik's ghost (journeyman MiMo)
  9663 | D:10     | Killed Norrik's ghost
  9663 | D:10     | Reached skill level 11 in Armour
 10218 | D:10     | Noticed an orc knight
 10234 | D:10     | Killed an orc knight
 10234 | D:10     | Reached skill level 12 in Armour
 10474 | Lair:1   | Entered Level 1 of the Lair of Beasts
 10493 | Lair:1   | Reached *** piety under Okawaru
 10728 | Lair:1   | Reached skill level 13 in Armour
 10779 | Lair:1   | Lost mutation: Your mind is acute. (Int +2) [potion of mutation]
 10779 | Lair:1   | Gained mutation: Your magical capacity is low. (-10% MP) [potion of mutation]
 10779 | Lair:1   | Gained mutation: Your muscles are strong. (Str +2) [potion of mutation]
 10779 | Lair:1   | Gained mutation: Your spells are a little harder to cast, but a little more powerful. [potion of mutation]
 10843 | Lair:1   | Reached **** piety under Okawaru
 11160 | Lair:1   | Reached skill level 14 in Armour
 11218 | Lair:1   | Noticed an oklob plant
 11560 | Lair:2   | Noticed a five-headed hydra
 11565 | Lair:2   | Noticed Gastronok
 11576 | Lair:2   | Killed a five-headed hydra
 11580 | Lair:2   | Reached ***** piety under Okawaru
 11605 | Lair:2   | Killed Gastronok
 11605 | Lair:2   | Reached skill level 15 in Armour
 11605 | Lair:2   | Reached XP level 12. HP: 47/91 MP: 6/9
 11815 | Lair:2   | Received a gift from Okawaru
 11966 | Lair:2   | Reached skill level 16 in Armour
 12017 | Lair:2   | Noticed a six-headed hydra
 12042 | Lair:2   | Killed a six-headed hydra
 12223 | Lair:2   | Found a staircase to the Snake Pit.
 12761 | Lair:3   | Reached skill level 17 in Armour
 13211 | Lair:3   | Reached skill level 18 in Armour
 13216 | Lair:3   | Reached ****** piety under Okawaru
 13233 | Lair:3   | Received a gift from Okawaru
 13408 | Lair:3   | Reached XP level 13. HP: 62/96 MP: 5/10
 13560 | Lair:3   | Found a staircase to the Swamp.
 13668 | Lair:3   | Got a fine leather armour
 13951 | Lair:4   | Reached skill level 19 in Armour
 13959 | Lair:4   | Identified the cursed +0 leather armour of the Sacrificial Victim {rF+ Int+2 Dex+4} (You found it on level 3 of the Lair of Beasts)
 15442 | Lair:5   | Reached skill level 20 in Armour
 16367 | Lair:6   | Entered Level 6 of the Lair of Beasts
 16376 | Lair:6   | Received a gift from Okawaru
 16377 | Lair:6   | Got a polished great sword {god gift}
 16881 | Lair:6   | Noticed Rupert
 16886 | Lair:6   | Got a steaming fustibalus
 16909 | Lair:6   | Killed Rupert
 16909 | Lair:6   | Reached skill level 21 in Armour
 17164 | Lair:6   | Received a gift from Okawaru
 17191 | Lair:6   | Reached XP level 14. HP: 103/103 MP: 11/11
 17272 | Lair:6   | Received a gift from Okawaru
 17545 | Lair:6   | Got a faintly glowing glaive
 17692 | Lair:6   | Noticed Nessos
 17716 | Lair:6   | Reached skill level 22 in Armour
 17745 | Lair:6   | HP: 5/103 [poisoned by Nessos]
 17753 | Lair:6   | HP: 5/103 [poisoned by Nessos]
 17761 | Lair:6   | HP: 5/103 [poisoned by Nessos]
 18236 | Lair:6   | Found a staircase to the Slime Pits.
 18237 | Lair:6   | HP: 3/103 [acid (9)]
 18238 | Lair:6   | Splashed with acid

Skill      XL: |  1  2  3  4  5  6  7  8  9 10 11 12 13 14 |
---------------+-------------------------------------------+-----
Armour         | 4 7 10 15 18 21 22 | 22.0
Shields        | 4 |  4.1
Maces & Flails | 3 4 6 7 8 11 13 15 16 | 16.3
Fighting       | |  3.9

Action                   |  1- 3 |  4- 6 |  7- 9 | 10-12 | 13-15 || total
-------------------------+-------+-------+-------+-------+-------++-------
Melee: Flail             |   111 |   100 |   210 |       |       ||   421
       Headbutt          |    12 |    15 |    36 |   169 |   127 ||   359
       Morningstar       |       |       |    18 |   680 |   582 ||  1280
Throw: Tomahawk          |       |       |    17 |       |     7 ||    24
Invok: Heroism           |       |       |       |     1 |     3 ||     4
  Use: Scroll            |     4 |     5 |     8 |     6 |     9 ||    32
       Potion            |       |       |     6 |     5 |     3 ||    14
  Eat: Chunk             |       |     5 |    13 |    15 |    16 ||    49
       Ration            |       |       |     1 |     1 |       ||     2
Armor: Scale mail        |    73 |    21 |    43 |    13 |       ||   150
       Fire dragon scale |       |       |       |   220 |   331 ||   551
       Chain mail        |       |       |       |     3 |       ||     3
Dodge: Dodged            |    22 |    25 |    49 |   142 |   143 ||   381
Block: Shield            |    74 |    45 |    91 |   307 |   296 ||   813
